Construct Section Command Post
Selects Canadian Shock Battlegroup
Construct Field Infirmary
Selects Canadian Shock Section
Construct Platoon Command Post
Selects Incendiary Munitions
6-pounder Anti-tank Gun Team
Selects Churchill Crocodile Heavy Tank
Churchill Crocodile Heavy Tank
6-pounder Anti-tank Gun Team
Construct Company Command Post
Unlock M3 Grant Medium Tanks
6-pounder Anti-tank Gun Team
6-pounder Anti-tank Gun Team
Churchill Crocodile Heavy Tank